 Dungeon Crawl Stone Soup version 0.27-a0-1456-gf5a116941d (webtiles) character file.

Game seed: 1265839180710287376

28 epicjoe the Covered (level 3, -5/33 HPs)
             Began as a Minotaur Fighter on July 6, 2021.
             Slain by an ogre (16 damage)
             ... on level 3 of the Dungeon.
             The game lasted 00:02:43 (402 turns).

epicjoe the Covered (Minotaur Fighter)               Turns: 402, Time: 00:02:43

Health: -5/33      AC:  7    Str: 21    XL:     3   Next: 0%
Magic:  2/2        EV:  7    Int:  5    God:
Gold:   63         SH:  9    Dex:  9    Spells: 2/2 levels left

rFire    . . .     SeeInvis .   a - +0 war axe
rCold    . . .     Faith    .   c - +0 kite shield
rNeg     . . .     Spirit   .   b - +0 scale mail
rPois    .         Reflect  .   (helmet restricted)
rElec    .         Harm     .   (no cloak)
rCorr    .         Rampage  .   (no gloves)
Will     .....                  (no boots)
Stlth    ..........             (no amulet)
HPRegen  0.11/turn              (no ring)
MPRegen  0.08/turn              (no ring)

@: no status effects
A: horns 2, retaliatory headbutt
a: no special abilities


You were on level 3 of the Dungeon.
You visited 1 branch of the dungeon, and saw 3 of its levels.

You collected 63 gold pieces.

Inventory:

Hand Weapons
 a - a +0 war axe (weapon)
Missiles
 e - 8 atropa-tipped darts (quivered)
Armour
 b - a +0 scale mail (worn)
 c - a +0 kite shield (worn)
Scrolls
 h - a scroll of enchant armour {unknown}
Potions
 d - a potion of might
 f - a potion of curing {unknown}
 g - a potion of invisibility {unknown}
 i - a potion of attraction {unknown}


   Skills:
 + Level 4.1 Fighting
 + Level 2.5 Axes
 + Level 4.2 Armour
 + Level 4.1 Shields


You had 2 spell levels left.
You didn't know any spells.
Your spell library contained the following spells:

 Spells                   Type           Power      Damage    Failure   Level
 Summon Small Mammal      Summ           0%         N/A       99%         1
 Call Canine Familiar     Summ           0%         N/A       100%        3
 Summon Guardian Golem    Hex/Summ       0%         N/A       100%        3


Dungeon Overview and Level Annotations

Branches:
Dungeon (3/15)

Altars:


Innate Abilities, Weirdness & Mutations

You have a pair of horns on your head.
You reflexively headbutt those who attack you in melee.


Message History

There is an open door here.
You hit the endoplasm. You headbutt the endoplasm.
You kill the endoplasm!
You open the large door.
An orc comes into view. It is wielding a +0 club.
There is a large open door here.
There is a large open door here.
You block the orc's attack. The orc hits you with a +0 club.
You slash the orc!
You kill the orc!
You see here a +0 club.
You see here a +0 club.
A frilled lizard comes into view.
The frilled lizard hisses angrily.
An ogre comes into view. It is wielding a +0 giant spiked club.
You hear the slow rusting of a very distant drain.
You block the frilled lizard's attack.
You closely miss the frilled lizard.
Your headbutt misses the frilled lizard.
You block the frilled lizard's attack.
You miss the frilled lizard.
You block the frilled lizard's attack. x2
You hit the frilled lizard.
You kill the frilled lizard!
You hit the ogre. You block the ogre's attack.
You have reached level 3!
Your experience leads to an increase in your attributes!
Increase (S)trength, (I)ntelligence, or (D)exterity?
You feel stronger.
You barely miss the ogre.
The ogre is lightly wounded.
The ogre hits you with a +0 giant spiked club!!
Ouch! That really hurt!
You slash the ogre!
The ogre is heavily wounded.
You block the ogre's attack. The ogre barely misses you.
You closely miss the ogre.
The ogre is heavily wounded.
The ogre hits you with a +0 giant spiked club!
You die...

..... #...# #...#
#. #...# #. #...#
############. #...#
...........#.##O..#
...........#....@.#
...........+......#
...........##.....#
...........##.....#
....>......##.)...#
...........''.....#
...........##.....#
...........##.....#
.###.....#.#+.....#


You could see an ogre.

Vanquished Creatures
  2 orcs (D:3)
  5 ball pythons
  An endoplasm (D:3)
  A giant cockroach (D:2)
  2 goblins
  A hobgoblin (D:1)
  2 quokkas
  5 bats
  3 frilled lizards
  2 kobolds
  2 rats
26 creatures vanquished.

Notes
Turn   | Place    | Note
-------+----------+-------------------------------------------
     0 | D:1      | epicjoe the Minotaur Fighter began the quest for the Orb.
     0 | D:1      | Reached XP level 1. HP: 19/19 MP: 0/0
   163 | D:1      | Reached XP level 2. HP: 27/27 MP: 1/1
   394 | D:3      | Noticed an ogre
   400 | D:3      | Reached XP level 3. HP: 29/33 MP: 2/2
   402 | D:3      | Slain by an ogre

Illustrated notes

Levels and vault maps discovered:
D:1:      giann_bridges, layout_basic, shapermc_ecumenical_altar_mp_vishouse
D:2:      layout_rooms, basic_altar
D:3:      layout_basic, portal_sewer_entry_e, serial_shops,
          nicolae_diamond_shop, kennysheep_generic_room_2

Skill      XL: |  1  2 |
---------------+-------+-----
Fighting       | 4 |  4.1
Armour         | 4 |  4.2
Shields        | 4 |  4.1
Axes           | |  2.5

Action                   || total
-------------------------++-------
Melee: War axe           ||    44
       Headbutt          ||     4
Armor: Scale mail        ||    31
Dodge: Dodged            ||    22
Block: Kite shield       ||    46

Table legend: (Time is in decaauts)
 A = Elapsed time spent in this place.
 B = Non-inter-level travel time spent in this place.
 C = Inter-level travel time spent in this place.
 D = Time resting spent in this place.
 E = Time spent auto-exploring this place.
 F = Levels seen in this place.
 G = Mean time per level.
                   A        B        C        D        E       F      G
               +--------+--------+--------+--------+--------+-----+--------+
         Total |    428 |    358 |     70 |      0 |     71 |   3 |  142.7 |
       Dungeon |    428 |    358 |     70 |      0 |     71 |   3 |  142.7 |
               +--------+--------+--------+--------+--------+-----+--------+

Top non-repeatable levels by time:
     D:1: 263 daAuts
     D:3: 108 daAuts
     D:2: 55 daAuts
